 Dungeon Crawl Stone Soup version 0.30-a0-883-g5ad918d77d (webtiles) character file.

Game seed: 16427225759609980812

2122 holysushi the Slasher (level 9, -3/58 HPs)
             Began as an Octopode Monk on Mar 17, 2023.
             Was an Initiate of Gozag.
             Killed from afar by a steam dragon (21 damage)
             ... with a ball of steam
             ... on level 7 of the Dungeon.
             The game lasted 00:08:30 (6697 turns).

holysushi the Slasher (Octopode Monk)               Turns: 6697, Time: 00:08:30

Health: -3/58      AC:  1    Str: 16    XL:     9   Next: 29%
Magic:  9/9        EV: 15    Int: 12    God:    Gozag
Gold:   393        SH: 16    Dex: 19    Spells: 8/8 levels left

rFire   . . .      SeeInvis .    a - +2 falchion (flame)
rCold   . . .      Faith    .    m - +0 kite shield
rNeg    . . .      Spirit   .    (helmet restricted)
rPois   .          Reflect  +    b - amulet of Cunkopot {Reflect rCorr Str+6 SH+5 Stlth-}
rElec   .          Rampage  .    (no ring)
rCorr   +                        (no ring)
Will    .....                    (no ring)
Stlth   ++++                     (no ring)
HPRegen 0.29/turn                (no ring)
MPRegen 0.11/turn                (no ring)
                                 (no ring)
                                 (no ring)

@: no status effects
A: almost no armour, amphibious, 8 rings, camouflage 1, gelatinous body 1,
(nimble swimmer 1), tentacles
a: Renounce Religion, Potion Petition, Call Merchant, Bribe Branch


You were on level 7 of the Dungeon.
You worshipped Gozag.
Gozag was aware of your devotion.
You visited 2 branches of the dungeon, and saw 8 of its levels.

You collected 393 gold pieces.

Inventory:

Hand Weapons
 a - a +2 falchion of flaming (weapon)
 c - a +2 dagger of venom
 d - a +0 vampiric scimitar
Armour
 m - a +0 kite shield (worn)
Jewellery
 b - the amulet of Cunkopot (around mantle) {Reflect rCorr Str+6 SH+5 Stlth-}
   (You found it on level 2 of the Dungeon)

   [amulet of reflection]

   It reflects blocked missile attacks.
   Str:       It affects your strength (+6).
   rCorr:     It protects you from acid and corrosion.
   SH:        It affects your SH (+5).
   Stlth:     It makes you less stealthy.
 f - an amulet of magic regeneration
 r - an amulet of guardian spirit
Wands
 n - a wand of roots (2)
 s - a wand of flame (23)
Scrolls
 g - 2 scrolls of teleportation
 j - a scroll of amnesia
 o - 2 scrolls of vulnerability {unknown}
 p - a scroll of fog
 q - a scroll of brand weapon
Potions
 e - a potion of heal wounds
 h - 2 potions of attraction
 i - a potion of flight
 k - a potion of brilliance
 l - a potion of curing


   Skills:
 - Level 4.0 Fighting
 + Level 7.5 Long Blades
 - Level 6.0 Dodging
 - Level 7.0 Stealth
 - Level 6.0 Shields
 - Level 2.0 Evocations


You had 8 spell levels left.
You didn't know any spells.
Your spell library contained the following spells:

 Spells                   Type           Power      Damage    Failure   Level
 Foxfire                  Conj/Fire      0%         2x1d4     65%         1
 Ensorcelled Hibernation  Hex/Ice        0%         N/A       80%         2
 Passwall                 Tmut/Erth      0%         N/A       80%         2
 Ignite Poison            Fire/Tmut/Pois 0%         N/A       95%         3
 Inner Flame              Hex/Fire       0%         N/A       95%         3
 Kindle Blastsparks       Fire/Tloc/Air  0%         2d10      95%         3
 Swiftness                Air            0%         N/A       95%         3
 Flame Wave               Conj/Fire      0%         2d4       100%        4
 Sticky Flame             Conj/Fire      0%         2d3       100%        4
 Fireball                 Conj/Fire      0%         3d3       100%        5
 Freezing Cloud           Conj/Ice/Air   0%         6-21      100%        5
 Starburst                Conj/Fire      0%         6d3       100%        6


Dungeon Overview and Level Annotations

Branches:
Dungeon (7/15) Zot: 26591  Temple (1/1) D:7 Zot: 5834

Altars:
Ashenzari
Cheibriados
Dithmenos
Elyvilon
Fedhas
Gozag
Hepliaklqana
Kikubaaqudgha
Makhleb
Nemelex Xobeh
Okawaru
Qazlal
Sif Muna
Vehumet
Wu Jian
Xom
Yredelemnul
Zin
The Shining One

Shops:
D:6 *


Innate Abilities, Weirdness & Mutations

You cannot wear most types of armour.
You are amphibious.
You can wear up to eight rings at the same time.
Your skin changes colour to match your surroundings (Stealth+).
Your rubbery body absorbs attacks. (AC +1, EV +1)
((You are camouflaged when in or above water. (Stealth+)))
You have tentacles for arms and can constrict up to eight enemies at once.


Message History

The ball of steam hits you!
You're standing in a cloud of steam!
The steam dragon closely misses you. The steam dragon completely misses you.
You slash the steam dragon! You burn the steam dragon.
You squeeze the steam dragon!
The steam dragon is severely wounded.
You block the steam dragon's attack. The steam dragon closely misses you.
You hit the steam dragon but do no damage.
The steam dragon is severely wounded.
You block the steam dragon's attack. The steam dragon closely misses you.
You hit the steam dragon. You burn the steam dragon.
Your squeeze misses the steam dragon.
The steam dragon is severely wounded.
You block the steam dragon's attack. The steam dragon barely misses you.
You hit the steam dragon but do no damage.
The steam dragon is severely wounded.
The steam dragon breathes steam at you. The ball of steam hits you!
The steam dragon bites you. The steam dragon barely misses you.
You're standing in a cloud of steam!
You hit the steam dragon but do no damage.
You squeeze the steam dragon.
The steam dragon is almost dead.
You are engulfed in a cloud of scalding steam.
The steam dragon completely misses you. You block the steam dragon's attack.
Unknown command.
You closely miss the steam dragon.
Your tentacle-slap misses the steam dragon.
The steam dragon is almost dead.
You block the steam dragon's attack. The steam dragon claws you.
* * * LOW HITPOINT WARNING * * *
You closely miss the steam dragon.
The steam dragon is almost dead.
The steam dragon closely misses you. You block the steam dragon's attack.
You hit the steam dragon. You burn the steam dragon.
The steam dragon is almost dead.
The steam dragon breathes steam at you. The ball of steam hits you!!
You die...
Your body crumbles into a pile of gold.

#######
#########...#...
.....#...........
..
.....§............
#...
.....§§...........
#...###
...?....§..§§.....
#......
......§§.§§.......
.......
..........@...#
#......
...........D..#
#...(>.
......$.......#
#.##...
......$......##
##.##...
#.....#.....##
#....... ##.##
###..#######
#....... .
##.##.....#
#.......
##...#.....#
#.#.#..
###....#.....####
#.#.#


You could see a steam dragon (catching breath).

Vanquished Creatures
  Edmund (D:4)
  2 water moccasins
  An ice beast (D:5)
  A black bear (D:6)
  An ogre (D:6)
  A centaur (D:7)
  A kobold brigand (D:6)
  A bullfrog (D:6)
  3 scorpions
  6 wights
  2 howler monkeys (D:6)
  A quasit (D:5)
  2 jellies (D:5)
  3 hounds
  An orc priest (D:4)
  3 sleepcaps
  Jessica (D:2)
  3 iguanas
  3 orc wizards
  Robin (D:2)
  4 gnolls
  10 adders
  2 shadow imps
  A white imp (D:7)
  2 worms
  3 dart slugs
  13 orcs
  8 bats
  10 endoplasms
  4 giant cockroaches
  16 goblins
  9 hobgoblins
  11 kobolds
  4 quokkas
  6 ball pythons
  A frilled lizard (D:3)
  11 rats
153 creatures vanquished.

Vanquished Creatures (others)
  A demonic plant (D:5)
  11 plants
12 creatures vanquished.

Grand Total: 165 creatures vanquished

Notes
Turn   | Place    | Note
-------+----------+-------------------------------------------
     0 | D:1      | holysushi the Octopode Monk began the quest for the Orb.
     0 | D:1      | Reached XP level 1. HP: 16/16 MP: 1/1
    97 | D:1      | Reached XP level 2. HP: 21/21 MP: 2/2
   446 | D:1      | Reached XP level 3. HP: 23/26 MP: 3/3
   776 | D:2      | Identified the amulet of Cunkopot {Reflect rCorr Str+6 SH+5
                  | Stlth-}
   822 | D:2      | Reached XP level 4. HP: 18/31 MP: 4/4
   835 | D:2      | Noticed Robin
   849 | D:2      | Killed Robin
   850 | D:2      | Reached skill level 5 in Long Blades
  1114 | D:2      | Noticed Jessica
  1119 | D:2      | Killed Jessica
  1292 | D:2      | Reached XP level 5. HP: 36/36 MP: 5/5
  2085 | D:3      | Found a basalt altar of Yredelemnul.
  2085 | D:3      | Found a broken altar of Ashenzari.
  2091 | D:3      | Found a stormy altar of Qazlal.
  2092 | D:3      | Found a radiant altar of Vehumet.
  2093 | D:3      | Found a snail-covered altar of Cheibriados.
  2097 | D:3      | Found an iron altar of Okawaru.
  2101 | D:3      | Found a shimmering altar of Xom.
  2578 | D:3      | Found an ornate altar of the Wu Jian Council.
  2933 | D:4      | Found a shadowy altar of Dithmenos.
  3170 | D:4      | Noticed Edmund
  3182 | D:4      | Killed Edmund
  3183 | D:4      | Reached XP level 6. HP: 17/42 MP: 6/6
  3597 | D:4      | Reached skill level 5 in Dodging
  3732 | D:5      | Entered Level 5 of the Dungeon
  3746 | D:5      | Reached XP level 7. HP: 34/46 MP: 7/7
  4233 | D:5      | Reached skill level 1 in Shields
  4829 | D:3      | Identified the +2 robe of the Bulwark {rF+ Int-4 Dex+2}
  4964 | D:6      | Reached XP level 8. HP: 54/54 MP: 8/8
  5030 | D:6      | Found Zin's Purification Station.
  5032 | D:6      | Found a glowing silver altar of Zin.
  5622 | D:5      | Reached skill level 5 in Shields
  5816 | D:6      | Reached skill level 1 in Evocations
  5864 | D:6      | Reached skill level 5 in Stealth
  5960 | D:6      | Reached XP level 9. HP: 58/58 MP: 9/9
  6486 | D:7      | Found a staircase to the Ecumenical Temple.
  6502 | Temple   | Entered the Ecumenical Temple
  6647 | Temple   | Became a worshipper of Gozag Ym Sagoz the Greedy
  6697 | D:7      | Killed from afar by a steam dragon

Illustrated notes

Levels and vault maps discovered:
D:1:      erik_arrival_orb_chamber, layout_rooms, minmay_misc_feat_alley,
          minmay_splitting_lines
D:2:      minmay_alternating_diamond, layout_loops_corners, serial_forest,
          infiniplex_forest_end_1, infiniplex_forest_3_way,
          infiniplex_forest_clump_tiny, infiniplex_forest_end_2,
          infiniplex_forest_end_2, infiniplex_forest_end_1,
          infiniplex_forest_end_3, uniq_jessica, uniq_robin
D:3:      layout_loops_ring, nicolae_wu_jian_glorious_leap,
          nicolae_overflow_hallway_of_the_gods, hangedman_decor_diamond_cutter
D:4:      cheibrodos_pilgrimage, layout_loops_cross,
          mainiacjoe_overflow_24_doors, uniq_edmund
D:5:      layout_gridville, serial_demonic, serial_demonic_a, serial_demonic_g,
          serial_demonic_e, serial_demonic_g
D:6:      kennysheep_six_static_rooms, layout_loops_ring, zin_purify
D:7:      layout_rooms, temple_green, serial_bayou_crossing
Temple:   nicolae_temple_bog_church

Skill      XL: |  1  2  3  4  5  6  7  8  9 |
---------------+----------------------------+-----
Long Blades    | 4 5 6 7 |  7.5
Dodging        | 4 5 6 |  6.0
Fighting       | 4 |  4.0
Shields        | 3 6 |  6.0
Stealth        | 6 7 |  7.0
Evocations     | 2 |  2.0

Action                     |  1- 3 |  4- 6 |  7- 9 || total
---------------------------+-------+-------+-------++-------
  Melee: Falchion          |    61 |   113 |   161 ||   335
         Tentacles         |    14 |    22 |    44 ||    80
         Constrict         |     9 |    28 |    39 ||    76
         Punch             |       |     1 |     3 ||     4
    Use: Scroll            |     5 |     8 |     3 ||    16
         Potion            |     1 |     1 |     1 ||     3
   Stab: Sleeping          |     8 |    15 |     7 ||    30
         Distracted        |       |     1 |       ||     1
 Armour: Skin              |     6 |     9 |     2 ||    17
  Dodge: Dodged            |    39 |    54 |    87 ||   180
  Block: Other             |       |    12 |     7 ||    19
         Kite shield       |       |       |   103 ||   103
         Reflection        |       |       |     1 ||     1

Table legend: (Time is in decaauts)
 A = Elapsed time spent in this place.
 B = Non-inter-level travel time spent in this place.
 C = Inter-level travel time spent in this place.
 D = Time resting spent in this place.
 E = Time spent auto-exploring this place.
 F = Levels seen in this place.
 G = Mean time per level.
                   A        B        C        D        E       F      G
               +--------+--------+--------+--------+--------+-----+--------+
         Total |   6733 |   6300 |    433 |    966 |   4068 |   8 |  841.6 |
       Dungeon |   6567 |   6172 |    395 |    966 |   3949 |   7 |  938.1 |
        Temple |    165 |    127 |     38 |      0 |    119 |   1 |  165.0 |
               +--------+--------+--------+--------+--------+-----+--------+

Top non-repeatable levels by time:
     D:2: 1311 daAuts
     D:5: 1144 daAuts
     D:3: 1055 daAuts
     D:6: 1031 daAuts
     D:4: 955 daAuts
     D:1: 660 daAuts
     D:7: 408 daAuts
  Temple: 165 daAuts
